AoeStats
← RDalton77

Arabia

504690634Analyzed
1v1 RM · 26d ago on Sep 6, 2026· 59m 12s· 2 players
Game mode
Random Map
Map size
Tiny (2 player)
Population
200
Speed
Normal
Resources
Standard
Victory
Conquest
Starting age
Dark Age
Ending age
Imperial Age
RankedLock teamsTeams togetherTeam positionsShared explorationLock speedFull tech treeHidden civsTurbo modeCheats
Victory
Defeat
🇳🇿 Celts · New Zealand
979
+16
🇦🇺 Wu · Australia
973
-16
RDalton77
8:00 Loom
10:12 Feudal Age
10:20 Man-at-Arms
14:44 Horse Collar
14:51 Double-Bit Axe
24:02 Castle Age
24:18 Fletching
24:58 Gold Mining
24:58 Stone Mining
26:00 Bodkin Arrow
26:16 Forging
25:29 Crossbowman
27:28 Light Cavalry
28:38 Bloodlines
28:28 Husbandry
30:28 Ballistics
31:18 Bow Saw
31:39 Red Cliffs Tactics
34:55 Imperial Age
32:05 Pikeman
34:03 Wheelbarrow
33:14 Town Watch
38:30 Two-Man Saw
39:09 Elite Fire Archer
44:24 Halberdier
48:32 Hussar
51:49 Iron Casting
51:21 Scale Barding Armor
51:17 Bracer
54:54 Blast Furnace
55:15 Chain Barding Armor
55:51 Squires
56:42 Squires
58:46 Two-Man Saw
58:09 Scale Mail Armor
59:10 Blast Furnace
58:31 Chain Barding Armor
MoLoLo
7:07 Loom
9:51 Feudal Age
10:39 Horse Collar
10:46 Double-Bit Axe
21:17 Scale Barding Armor
22:37 Forging
27:27 Castle Age
28:29 Chain Barding Armor
30:09 Iron Casting
31:28 Fletching
31:43 Husbandry
33:14 Elite Skirmisher
33:57 Padded Archer Armor
33:52 Bodkin Arrow
41:11 Imperial Age
40:28 Leather Archer Armor
44:10 Wheelbarrow
44:31 Scale Mail Armor
44:08 Capped Ram
45:23 Ballistics
45:16 Cavalier
46:33 Masonry
48:16 Siege Ram
50:59 Hand Cart
50:29 Town Watch
55:46 Blast Furnace
54:31 Pikeman
55:17 Scale Mail Armor
56:13 Halberdier
58:41 Chain Mail Armor
Connection lost

Rejoining the realm…

Still unreachable

The connection could not be restored.

Session expired

The server has moved on; the page needs a fresh start.